Description

Simple Beastyqt ZvP cheese from 01/01/2019 video. Replay is mine and I do a lot of things wrong, but I corrected them on the supply counts, those are based on beasty's first run. (time stamps may be slightly off except when described, but those should change a bit anyway depending on scout and harass)

VOD

https://www.youtube.com/watch?v=AD65Z6hLMgg&list=PL2VswB1ebSNB9z039dcC-60ZptzyKR1e6&index=8

Replay - **ATTEMPTED** Beastyqt ZvP cheese

Build Order

Get SALT Encoding   

  14  0:17  Overlord  
  17  0:51  Spawning Pool  
  17  0:53  Extractor  Send the next drone to expansion (~240 minerals, 1:10 min)
  17  1:08  Drone  Send to expansion (~240 minerals)
  18  1:30  Hatchery  
  18  1:36  Zergling  
  19  1:38  Queen  
  21  1:42  Zergling  
  22  1:52  Metabolic Boost  
  22  1:56  Overlord  -> When queen ready, Inject and move the queen to the natural and build queen on main
  24  2:21  Queen  
  29  2:35  Roach Warren  When 16 on minerals, at about 2:35-2:40
  30  2:55  Overlord x2  Double overlord
  30  3:20  Roach x6  Move them straight out
  42  3:26  Zergling x8  
  50  3:47  Overlord  Inject all you can and keep building lings rallied to the roaches, and turn roaches into ravagers as needed when low on health.
Spawning Tool Build Advisor. Get it on Overwolf

Go to:

Details

  • Created by: varum
  • Published on: Apr 02, 2020
  • Modified on: Apr 16, 2020
  • Patch: 4.11.0
Show
View Real Time Build Order
Export as new Build Order

Comments (0)

There are no comments. Be the first!

Create an account to comment!